 Dungeon Crawl Stone Soup version 0.28-a0-1429-gf3d713df7a (webtiles) character file.

Game seed: 13846127938628118

62850 Ostrozub the Bludgeoner (level 15, -5/101 HPs)
             Began as a Gargoyle Berserker on Nov 29, 2021.
             Was a High Priest of Trog.
             Slain by Donald (24 damage)
             ... on level 1 of the Orcish Mines on Jan 8, 2022.
             The game lasted 07:00:31 (34742 turns).

Ostrozub the Bludgeoner (Gargoyle Berserker)       Turns: 34742, Time: 07:00:31

Health: -5/101     AC: 35    Str: 26    XL:     15   Next: 7%
Magic:  15/15      EV: 17    Int:  9    God:    Trog [*****.]
Gold:   2037       SH:  7    Dex: 12    Spells: 14/14 levels left

rFire   + . .      SeeInvis .   I - +5 morningstar
rCold   . . .      Faith    .   A - +2 buckler
rNeg    + + .      Spirit   .   t - +7 ring mail of Jynk {rN+}
rPois   ∞          Reflect  .   V - +2 helmet
rElec   +          Harm     .   f - scarf {shadows}
rCorr   .          Rampage  .   r - +2 pair of gloves {Dex+3}
Will    +....                   j - +0 pair of boots
Stlth   +.........              m - amulet of the acrobat
HPRegen 0.26/turn               l - ring of protection from fire
MPRegen 0.14/turn               M - +4 ring of evasion

@: on berserk cooldown, flying, slowed, very slow
A: sickness immunity, AC +11, big wings, negative energy resistance 1,
electricity resistance, torment resistance 1, petrification resistance
a: Renounce Religion, Berserk, Trog's Hand, Brothers in Arms


You were on level 1 of the Orcish Mines.
You worshipped Trog.
Trog was extremely pleased with you.
You visited 4 branches of the dungeon, and saw 20 of its levels.
You also visited: Volcano.

You collected 2037 gold pieces.

Inventory:

Hand Weapons
 a - a +4 dire flail of flaming
 i - the +2 shortbow "Gemoblady" {flame, rPois Dex+4}
   (You found it on level 9 of the Dungeon)

   Any ammunition fired from it burns those it strikes, dealing additional fire
   damage.
   Dex:       It affects your dexterity (+4).
   rPois:     It protects you from poison.
 I - a +5 morningstar (weapon)
Missiles
 o - 112 poisoned darts (quivered)
 z - 4 silver javelins
 F - 95 bolts
 Z - 4 javelins
Armour
 f - a scarf of shadows (worn)
 j - a +0 pair of boots (worn)
 r - a +2 pair of gloves of dexterity (worn)
 t - the +7 ring mail of Jynk (worn) {rN+}
   (You found it on level 4 of the Lair of Beasts)

   rN:        It protects you from negative energy.
 A - a +2 buckler (worn)
 V - a +2 helmet (worn)
Jewellery
 l - a ring of protection from fire (left hand)
 m - an amulet of the acrobat (around neck)
 s - a ring of protection from fire
 D - a ring of protection from cold
 H - a ring of resist corrosion
 M - a +4 ring of evasion (right hand)
Wands
 v - a wand of mindburst (15)
 G - a wand of charming (6)
 N - a wand of iceblast (4)
Scrolls
 c - 2 scrolls of summoning
 h - 2 scrolls of fear
 k - a scroll of magic mapping
 q - a scroll of enchant armour
 E - 3 scrolls of immolation
 J - 2 scrolls of holy word
 O - 4 scrolls of teleportation
 S - 2 scrolls of brand weapon {unknown}
 U - 2 scrolls of fog {unknown}
 Y - a scroll of torment
Potions
 b - 2 potions of invisibility {unknown}
 d - 10 potions of curing
 e - 2 potions of lignification {unknown}
 g - a potion of might {unknown}
 p - 2 potions of attraction {unknown}
 w - 6 potions of cancellation {unknown}
 x - a potion of mutation {unknown}
 B - a potion of berserk rage {unknown}
 C - 4 potions of flight {unknown}
 K - 3 potions of haste {unknown}
 L - 4 potions of brilliance
 P - a potion of magic {unknown}
 R - 2 potions of degeneration {unknown}
 T - 3 potions of heal wounds
 W - 2 potions of ambrosia
 X - a potion of resistance
Miscellaneous
 n - a piece from Xom's chessboard (15/15)
 u - a condenser vane
 Q - a box of beasts (inert)


   Skills:
 + Level 14.9 Fighting
 + Level 17.4 Maces & Flails
 + Level 13.6 Armour
 + Level 5.9 Dodging
 - Level 0.6 Stealth
 + Level 4.3 Shields
 - Level 1.0 Evocations


You had 14 spell levels left.
You didn't know any spells.
Your spell library was empty.

Dungeon Overview and Level Annotations

Branches:
Dungeon (11/15)            Temple (1/1) D:7            Lair (6/6) D:8
 Shoals (0/4) Lair:4        Snake (0/4) Lair:3        Slime (0/5) Lair:6
    Orc (2/2) D:10            Elf (0/3) Orc:2       Volcano (visited)

Altars:
Ashenzari
Cheibriados
Dithmenos
Elyvilon
Fedhas
Gozag
Hepliaklqana
Kikubaaqudgha
Makhleb
Nemelex Xobeh
Okawaru
Qazlal
Ru
Sif Muna
Trog
Uskayaw
Vehumet
Wu Jian
Xom
Yredelemnul
Zin
The Shining One
Beogh
Lugonu

Shops:
D:11 (

Portals:
Abyss: Lair:6

Annotations:
Orc:1 Donald


Innate Abilities, Weirdness & Mutations

You are immune to sickness and miasma.
Your stone body is resilient. (AC +11)
You are immune to poison.
Your large and strong wings let you fly.
You resist negative energy. (rN+)
You are resistant to electric shocks. (rElec)
You are resistant to unholy torment.
You are immune to petrification.


Message History

You impale Donald!!
Donald is moderately wounded.
Donald hits you with a +3 long sword of electrocution!!
You hit Donald but do no damage.
Donald is moderately wounded.
Donald says, "I prefer the Lair of the Beasts, to be honest.
At least animals don't complain."
Donald hits you with a +3 long sword of electrocution.
A red film seems to cover your vision as you go berserk!
You feel yourself moving faster!
You feel mighty! Donald barely misses you.
Donald hits you with a +3 long sword of electrocution.
Donald blocks your attack.
Donald is moderately wounded.
Donald blocks your attack.
Donald is moderately wounded.
Donald hits you with a +3 long sword of electrocution!!
You sock Donald!
Donald is heavily wounded.
Donald says, "I considered Trog, but the aftereffects of berserk scare me."
Donald hits you with a +3 long sword of electrocution.
Donald blocks your attack.
Donald is heavily wounded.
Donald hits you with a +3 long sword of electrocution!!
Items here: ( )))))))) [[[[ ÷.
You feel a strong urge to attack something.
There is an escape hatch in the floor, spattered with blood here.
Things that are here:
a +1 whip of distortion; a +0 short sword You feel your anger nearly subside.
You are no longer berserk.
You are exhausted.
You feel yourself slow down.
Donald says, "Why is it so dark?
Have they never heard of torches?"
Things that are here:
a +0 leather armour; a +0 dagger Donald says, "Why is it so dark?
Have they never heard of torches?"
Donald hits you with a +3 long sword of electrocution!
* * * LOW HITPOINT WARNING * * *
As you read the scroll of fear, it crumbles to dust.
You assume a fearsome visage.
Donald easily resists.
Donald hits you with a +3 long sword of electrocution!!
You die...

#.......##........>......####)...
##.##...#..........##.....# #....
###...##......#...#......#####..
##.####..................#####
#####.#....[.............####
#...#.....[..............#
##........)...............
##.#.##.....[.............#
#.........@@).[[)..........
##.........[)>[>[.....[...#
##.............[[[.........#
#.....................#.[)<)
##......#......#....#.###.#.#
#....#...............#.#####.
##.####...........#.#...#.#.. ###
#...#.........#.#.....#.
##....................##


You could see Donald (fast, strong, empowered).

Vanquished Creatures
  3 hydras
  10 death yaks
  A two-headed ogre (Orc:1)
  2 thrashing horrors (Lair:6)
  3 orc high priests (Orc:1)
  A hell knight (Volcano)
  A sun demon (Volcano)
  A large abomination (Lair:6)
  A deep elf pyromancer (D:8)
  4 orc knights (Orc:1)
  A cyclops (D:10)
  2 orc sorcerers (Orc:1)
  3 oklob plants
  2 ugly things
  10 elephants
  3 black mambas
  10 cane toads
  A gargoyle (Volcano)
  A molten gargoyle (Volcano)
  3 smoke demons (Lair:6)
  An eye of devastation (Lair:6)
  12 komodo dragons
  A kobold demonologist (D:10)
  A rime drake (Lair:3)
  3 ancient zymes (Lair:6)
  A queen bee (Lair:1)
  2 polar bears
  3 red devils (Volcano)
  2 trolls
  Grinder (D:6)
  Prince Ribbit (D:9)
  A slime creature (D:8)
  11 blink frogs
  7 dream sheep (Lair:6)
  A vampire (D:11)
  A tarantella (shapeshifter) (Lair:6)
  5 wyverns
  A spriggan (Lair:6)
  A wraith (D:11)
  34 yaks
  2 ynoxinuls (Lair:6)
  5 fire bats
  10 basilisks
  2 steam dragons
  2 chaos spawn (Lair:6)
  4 vampire mosquitoes (D:10)
  3 wargs
  A naga (Lair:3)
  An acid dragon (D:11)
  8 water moccasins
  A hell hound (Volcano)
  A floating eye (Lair:6)
  A black bear (Lair:2)
  26 orc warriors
  A necrophage (D:6)
  A hornet zombie (D:6)
  7 ogres
  19 wolves
  7 centaurs
  2 kobold brigands
  16 bullfrogs
  A gnoll sergeant (D:9)
  A wyvern zombie (D:7)
  7 small abominations (Lair:6)
  A water moccasin zombie (D:7)
  2 wyvern skeletons
  43 killer bees
  A water moccasin skeleton (D:4)
  14 wights
  4 howler monkeys
  4 electric eels (D:8)
  A crimson imp (D:8)
  8 lava snakes (Volcano)
  2 centaur zombies (D:7)
  A bullfrog zombie (D:5)
  3 hounds (D:7)
  3 gnoll shamans
  A jelly (D:5)
  19 orc priests
  2 centaur skeletons
  3 iguanas
  28 orc wizards
  A scorpion zombie (D:5)
  5 adders
  18 gnolls
  2 howler monkey skeletons (D:7)
  2 white imps
  An adder skeleton (D:4)
  3 worms
  3 dart slugs
  64 orcs
  4 bats
  8 endoplasms
  3 giant cockroaches
  8 goblins
  11 hobgoblins
  2 jackals (D:3)
  16 kobolds
  4 quokkas
  3 ball pythons
  5 frilled lizards
  4 rats
589 creatures vanquished.

Vanquished Creatures (collateral kills)
  An orc warlord (Orc:1)
  Snorg (Lair:5)
  2 oklob plants (Lair:1)
  2 wolves (Lair:5)
  2 wights (D:8)
8 creatures vanquished.

Vanquished Creatures (others)
  19 fungi
  40 plants
59 creatures vanquished.

Grand Total: 656 creatures vanquished

Notes
Turn   | Place    | Note
-------+----------+-------------------------------------------
     0 | D:1      | Ostrozub the Gargoyle Berserker began the quest for the
                  | Orb.
     0 | D:1      | Reached XP level 1. HP: 14/14 MP: 1/1
   206 | D:1      | Reached XP level 2. HP: 19/19 MP: 2/2
   419 | D:1      | Reached XP level 3. HP: 22/23 MP: 3/3
   644 | D:1      | Upgraded the game from 0.28-a0-941-g140ffa10cf to
                  | 0.28-a0-987-g8383568036
  1842 | D:2      | Found a faded altar of an unknown god.
  2190 | D:2      | Reached skill level 4 in Maces & Flails
  3405 | D:2      | Reached XP level 4. HP: 9/29 MP: 4/4
  4227 | D:3      | Reached ** piety under Trog
  4253 | D:3      | Reached XP level 5. HP: 28/33 MP: 5/5
  5022 | D:4      | Noticed a centaur
  5379 | D:4      | Killed a centaur
  5380 | D:4      | Reached skill level 5 in Maces & Flails
  5380 | D:4      | Reached XP level 6. HP: 38/38 MP: 6/6
  5564 | D:4      | Found a sparkling altar of Nemelex Xobeh.
  5720 | D:4      | Found a hazy altar of Hepliaklqana.
  6357 | D:5      | Entered Level 5 of the Dungeon
  6639 | D:5      | Found a shimmering blue altar of Sif Muna.
  6673 | D:5      | Reached XP level 7. HP: 43/43 MP: 7/7
  6825 | D:5      | Reached skill level 6 in Maces & Flails
  7013 | D:5      | Reached skill level 5 in Armour
  7296 | D:5      | Found a snail-covered altar of Cheibriados.
  7381 | D:5      | Found a blossoming altar of Fedhas.
  7381 | D:5      | Found an ornate altar of the Wu Jian Council.
  7383 | D:5      | Found a sacrificial altar of Ru.
  7383 | D:5      | Found a glowing silver altar of Zin.
  7383 | D:5      | Found a shimmering altar of Xom.
  7703 | D:6      | Reached skill level 5 in Fighting
  7747 | D:6      | Reached XP level 8. HP: 44/49 MP: 8/8
  7777 | D:6      | Found a blossoming altar of Fedhas.
  7805 | D:6      | Reached skill level 7 in Maces & Flails
  7908 | D:6      | Found a glowing golden altar of the Shining One.
  8783 | D:6      | Noticed Grinder
  8851 | D:6      | Killed Grinder
  9010 | D:7      | Reached skill level 8 in Maces & Flails
  9404 | D:7      | Noticed a wyvern
  9422 | D:7      | Killed a wyvern
  9423 | D:7      | Reached XP level 9. HP: 35/55 MP: 9/9
  9554 | D:7      | Found a sacrificial altar of Ru.
  9554 | D:7      | Found a hide-covered altar of Uskayaw.
  9623 | D:6      | Reached *** piety under Trog
  9719 | D:7      | Found a staircase to the Ecumenical Temple.
  9726 | Temple   | Entered the Ecumenical Temple
 11175 | D:7      | Reached skill level 9 in Maces & Flails
 11253 | D:8      | Noticed a troll
 11284 | D:7      | Killed a troll
 12423 | D:8      | Found a staircase to the Lair.
 12497 | D:7      | Reached skill level 10 in Maces & Flails
 12497 | D:7      | Reached XP level 10. HP: 63/63 MP: 10/10
 12737 | D:8      | Found a radiant altar of Vehumet.
 12741 | D:8      | Found a burning altar of Makhleb.
 13346 | D:8      | Noticed a deep elf pyromancer
 13360 | D:8      | Killed a deep elf pyromancer
 13793 | D:8      | Reached skill level 10 in Armour
 13933 | D:8      | Found a snail-covered altar of Cheibriados.
 14313 | D:9      | Noticed Prince Ribbit
 14346 | D:9      | Killed Prince Ribbit
 15484 | D:10     | Entered Level 10 of the Dungeon
 15680 | D:10     | Found a staircase to the Orcish Mines.
 15699 | D:10     | Noticed a kobold demonologist
 15715 | D:10     | Killed a kobold demonologist
 15716 | D:10     | Reached skill level 11 in Maces & Flails
 16064 | D:10     | Reached XP level 11. HP: 69/69 MP: 11/11
 16159 | D:10     | Noticed a sea snake
 16161 | D:10     | Noticed a sea snake
 16201 | D:10     | Noticed a cyclops
 16212 | D:10     | Killed a cyclops
 16536 | D:10     | Noticed a sea snake
 17479 | D:11     | Reached skill level 1 in Shields
 17712 | D:11     | Reached **** piety under Trog
 18074 | D:11     | Found Madink Yniso's Weapon Shoppe.
 18335 | Lair:1   | Entered Level 1 of the Lair of Beasts
 18455 | Lair:1   | Reached skill level 12 in Maces & Flails
 18595 | Lair:1   | Noticed an oklob plant
 18595 | Lair:1   | Noticed an oklob plant
 18597 | Lair:1   | Noticed a five-headed hydra
 18639 | D:8      | Killed a five-headed hydra
 19958 | Lair:1   | Reached XP level 12. HP: 59/77 MP: 12/12
 20772 | Lair:1   | Reached skill level 13 in Maces & Flails
 20782 | Lair:1   | Reached skill level 10 in Fighting
 20888 | Lair:1   | Upgraded the game from 0.28-a0-987-g8383568036 to
                  | 0.28-a0-1114-g8eb0198dcf
 21725 | Lair:2   | Reached ***** piety under Trog
 22398 | Lair:3   | Reached skill level 14 in Maces & Flails
 22524 | Lair:3   | Noticed a four-headed hydra
 22536 | Lair:3   | Killed a four-headed hydra
 22820 | Lair:3   | Found a staircase to the Snake Pit.
 23339 | Lair:4   | Found a blossoming altar of Fedhas.
 23399 | Lair:4   | Noticed a death yak
 23400 | Lair:4   | Noticed a death yak
 23401 | Lair:4   | Noticed a death yak
 23402 | Lair:4   | Noticed a death yak
 23426 | Lair:3   | Killed a death yak
 23428 | Lair:3   | Reached XP level 13. HP: 84/84 MP: 13/13
 23739 | Lair:4   | Reached skill level 15 in Maces & Flails
 23778 | Lair:4   | You fall into a shaft and drop 2 floors!
 23778 | Lair:6   | Entered Level 6 of the Lair of Beasts
 23967 | Lair:6   | Found a staircase to the Slime Pits.
 24184 | Lair:5   | Noticed Snorg
 24214 | Lair:5   | Killed Snorg
 24220 | Lair:5   | Found a blossoming altar of Fedhas.
 24511 | Lair:4   | Found a staircase to the Shoals.
 24513 | Lair:4   | Identified the +7 ring mail of Jynk {rN+}
 25275 | Lair:4   | Upgraded the game from 0.28-a0-1114-g8eb0198dcf to
                  | 0.28-a0-1235-g7c8fac35f0
 25644 | Lair:5   | Received a gift from Trog
 25645 | Lair:5   | Reached skill level 16 in Maces & Flails
 26511 | Lair:6   | Gained mutation: Your large and strong wings let you fly.
                  | [Gargoyle growth]
 26511 | Lair:6   | Reached XP level 14. HP: 92/92 MP: 14/14
 27644 | Lair:6   | Found a corrupted altar of Lugonu.
 27644 | Lair:6   | Found a one-way gate to the infinite horrors of the Abyss.
 27663 | Lair:6   | Upgraded the game from 0.28-a0-1235-g7c8fac35f0 to
                  | 0.28-a0-1429-gf3d713df7a
 28235 | Lair:6   | Reached skill level 5 in Dodging
 28264 | Lair:6   | Identified the +8 long sword "Canaadum" {elec, Drain Str+4
                  | Stlth+}
 28960 | D:9      | Identified the +2 shortbow "Gemoblady" {flame, rPois Dex+4}
 29498 | Orc:1    | Entered Level 1 of the Orcish Mines
 29623 | D:10     | Reached skill level 17 in Maces & Flails
 30243 | Orc:1    | Found a dark tunnel.
 30252 | Volcano  | Entered a volcano
 30734 | Volcano  | Found a burning altar of Makhleb.
 31375 | Volcano  | Received a gift from Trog
 32194 | Orc:2    | Entered Level 2 of the Orcish Mines
 32297 | Orc:2    | Found a staircase to the Elven Halls.
 32995 | Orc:1    | Reached skill level 1 in Evocations
 33856 | Orc:2    | Paralysed by an orc sorcerer for 4 turns
 34217 | Orc:1    | Reached XP level 15. HP: 101/101 MP: 15/15
 34334 | Orc:2    | Noticed an orc warlord
 34358 | Orc:1    | Killed an orc warlord
 34717 | Orc:2    | Noticed Donald
 34742 | Orc:1    | Slain by Donald

Illustrated notes

Levels and vault maps discovered:
D:1:      dpeg_arrival_leaves_temple_mockup, layout_basic,
          kennysheep_nondescript
D:2:      layout_loops_cross, serial_rivers, chequers_serial_rivers_small_a,
          chequers_serial_rivers_large_b, chequers_serial_rivers_small_b,
          chequers_serial_rivers_small_3,
          shapermc_ecumenical_altar_starsandcircs
D:3:      cheibrodos_old_hovel, layout_basic
D:4:      layout_basic, nemelex_diamond_rough_becter,
          nicolae_hepliaklqana_hippocampus
D:5:      layout_loops_cross, nicolae_sif_muna_condensation,
          doesnt_xom_only_xom, item_on_display_b
D:6:      layout_loops_ring, mainiacjoe_overflow_six_doors_small,
          mainiacjoe_overflow_tiny_flanked, uniq_grinder
D:7:      minmay_evil_eye, layout_rooms, grunt_temple_overflow_open,
          minmay_temple_entry_statues_fountains
D:8:      minmay_bloctagon_deflated, layout_loops_cross,
          grunt_temple_overflow_lords_of_destruction, slow_altar_2,
          erik_lair_island, minmay_misc_feat_alley
D:9:      minmay_weird_star, layout_basic, feat_on_display, uniq_prince_ribbit1
D:10:     layout_loops_ring, orc_0_dummy, serial_aquarium,
          aquarium_bridge_long_joined [aquarium_subvault_wall,
          aquarium_subvault_wall, aquarium_subvault_wall,
          aquarium_subvault_window, aquarium_subvault_bridge,
          aquarium_subvault_bridge], aquarium_window_1, aquarium_window_2,
          aquarium_window_1, aquarium_view_2g, aquarium_view_2d,
          aquarium_balcony_double_3
D:11:     layout_loops_ring, serial_shops, nicolae_shop_bloodbath_and_beyond
Temple:   minmay_temple_curvy_loop
Lair:1:   dpeg_oklob_gauntlet, layout_loops_ring, special_room
          [special_room_bee], chequers_serial_rivers_micro_a
Lair:2:   layout_concentric_octagons, grunt_megastairs_1
Lair:3:   layout_regular_city, guppyfry_snake_entry_garden, minmay_hedge_maze
Lair:4:   layout_hall_layers, elwin_shoals_entry_rocks, gauntlet_entry_generic,
          hangedman_tree_tricks
Lair:5:   layout_loops_ring, basic_altar, nicolae_lair_grove_arrangements,
          uniq_snorg
Lair:6:   hellmonk_lair_end_abyssal_woods, layout_cave_pods,
          minmay_slime_entry_eyes
Orc:1:    layout_caves, basic_altar, nicolae_volcano_entry_batcave
Orc:2:    st_orc_congregation, layout_caves, uniq_donald

Skill      XL: |  1  2  3  4  5  6  7  8  9 10 11 12 13 14 |
---------------+-------------------------------------------+-----
Maces & Flails | 4 5 6 8 10 11 12 14 16 17 | 17.4
Armour         | 3 4 5 6 8 10 11 12 13 | 13.6
Dodging        | 2 3 4 5 |  5.9
Fighting       | 4 5 6 7 8 9 11 12 14 | 14.9
Shields        | 3 4 |  4.3
Evocations     | 1 |  1.0
Stealth        | |  0.6

Action                   |  1- 3 |  4- 6 |  7- 9 | 10-12 | 13-15 || total
-------------------------+-------+-------+-------+-------+-------++-------
Melee: Mace              |   129 |    77 |       |       |       ||   206
       Whip              |       |    69 |   465 |   220 |       ||   754
       Morningstar       |       |       |       |   555 |  1018 ||  1573
 Fire: Hunting sling     |       |     2 |       |    28 |       ||    30
Throw: Dart              |       |       |       |    18 |    15 ||    33
       Javelin           |       |       |       |       |     5 ||     5
Invok: Berserk           |       |     2 |     4 |    16 |    29 ||    51
       Trog's Hand       |       |       |       |     1 |       ||     1
       Brothers in Arms  |       |       |       |     1 |     3 ||     4
Evoke: Wand              |       |       |       |       |     9 ||     9
       Box of beasts     |       |       |       |       |     1 ||     1
  Use: Scroll            |       |     4 |     1 |     7 |     9 ||    21
       Potion            |       |     1 |       |     1 |     1 ||     3
 Stab: Distracted        |       |       |       |       |     1 ||     1
Armor: Animal skin       |    16 |       |       |       |       ||    16
       Chain mail        |    45 |    82 |   117 |       |       ||   244
       Leather armour    |     3 |       |       |       |       ||     3
       Plate armour      |       |       |    79 |   396 |    78 ||   553
       Ring mail         |       |       |       |       |   348 ||   348
Dodge: Dodged            |    72 |    89 |   172 |   390 |   563 ||  1286
Block: Buckler           |       |       |       |   142 |   261 ||   403

Table legend: (Time is in decaauts)
 A = Elapsed time spent in this place.
 B = Non-inter-level travel time spent in this place.
 C = Inter-level travel time spent in this place.
 D = Time resting spent in this place.
 E = Time spent auto-exploring this place.
 F = Levels seen in this place.
 G = Mean time per level.
                   A        B        C        D        E       F      G
               +--------+--------+--------+--------+--------+-----+--------+
         Total |  34824 |  33780 |   1044 |  12983 |   5604 |  21 | 1658.3 |
       Dungeon |  18328 |  17683 |    645 |   7184 |   2800 |  11 | 1666.2 |
        Temple |   1167 |   1167 |      0 |      0 |     32 |   1 | 1167.0 |
          Lair |  10142 |   9825 |    317 |   2927 |   2347 |   6 | 1690.3 |
  Orcish Mines |   3751 |   3669 |     82 |   2099 |    347 |   2 | 1875.5 |
       Volcano |   1435 |   1435 |      0 |    772 |     77 |   1 | 1435.0 |
               +--------+--------+--------+--------+--------+-----+--------+

Top non-repeatable levels by time:
   Orc:1: 2858 daAuts
     D:7: 2514 daAuts
  Lair:1: 2439 daAuts
  Lair:6: 2264 daAuts
     D:8: 2084 daAuts
     D:2: 1926 daAuts
     D:1: 1859 daAuts
    D:10: 1855 daAuts
     D:3: 1680 daAuts
     D:5: 1615 daAuts
  Lair:5: 1598 daAuts
     D:9: 1576 daAuts
  Lair:3: 1451 daAuts
 Volcano: 1435 daAuts
  Lair:2: 1274 daAuts
